 Dungeon Crawl Stone Soup version 0.23-a0-577-g2b1de94 (webtiles) character file.

56 Jawreze the Shield-Bearer (level 3, 0/23 HPs)
             Began as a Gargoyle Fighter on Dec 14, 2018.
             Slain by a gnoll
             ... wielding a +0 flail
              (7 damage)
             ... on level 2 of the Dungeon.
             The game lasted 00:02:22 (1831 turns).

Jawreze the Shield-Bearer (Gargoyle Fighter)        Turns: 1831, Time: 00:02:23

Health: 0/23       AC: 10    Str: 19    XL:     3   Next: 95%
Magic:  3/3        EV:  9    Int:  9    God:
Gold:   97         SH:  4    Dex:  9    Spells: 2/2 levels left

rFire    . . .     SeeInvis .   a - +0 flail
rCold    . . .     Gourm    .   k - +0 buckler
rNeg     + . .     Faith    .   b - +0 scale mail
rPois    ∞         Spirit   .   (no helmet)
rElec    +         Reflect  .   (no cloak)
rCorr    .         Harm     .   (no gloves)
MR       .....                  (no boots)
Stlth    ..........             (no amulet)
HPRegen  0.07/turn              (no ring)
MPRegen  0.08/turn              (no ring)

@: no status effects
A: negative energy resistance 1, electricity resistance, unbreathing,
petrification resistance, rot immunity, AC +3
a: no special abilities


You were on level 2 of the Dungeon.
You were not hungry.

You visited 1 branch of the dungeon, and saw 3 of its levels.

You collected 97 gold pieces.

Inventory:

Hand Weapons
 a - a +0 flail (weapon)
Armour
 b - a +0 scale mail (worn)
 c - a +0 shield
 k - a +0 buckler (worn)
Jewellery
 r - a cursed amulet of magic regeneration {unknown}
Scrolls
 e - 2 scrolls of fog {unknown}
 h - a scroll of remove curse {unknown}
 j - 7 scrolls of identify {unknown}
 m - 2 scrolls of amnesia {unknown}
 n - a scroll of noise {unknown}
 o - a scroll of enchant weapon {unknown}
 p - 2 scrolls of enchant armour {unknown}
 q - a scroll of random uselessness {unknown}
Potions
 d - a potion of might
 g - a potion of agility {unknown}
 i - a potion of curing {unknown}
 l - a potion of resistance {unknown}
 t - a potion of degeneration {unknown}
 u - a potion of brilliance {unknown}
Comestibles
 f - 6 rations
 s - 10 chunks of flesh


   Skills:
 - Level 3.2 Fighting
 * Level 3.5 Maces & Flails
 - Level 3.2 Armour
 + Level 4.0 Shields


You had 2 spell levels left.
You didn't know any spells.
Your spell library was empty.

Dungeon Overview and Level Annotations

Branches:
Dungeon (3/15)

Altars:
Nemelex Xobeh
Ru

Annotations:
D:2 Terence


Innate Abilities, Weirdness & Mutations

You are resistant to torment.
Your stone body is resilient. (AC +3)
You are immune to poison.
You resist negative energy. (rN+)
You are resistant to electric shocks. (rElec)
You can survive without breathing.
You are immune to petrification.
You are immune to rotting.


Message History

A kobold comes into view. It is wielding a +0 short sword.
The gnoll moves out of view.
The gnoll barely misses you. The gnoll hits you but does no damage.
You closely miss the gnoll. The gnoll barely misses you.
The gnoll hits you from afar with a +0 spear.
You barely miss the gnoll. The gnoll barely misses you.
The gnoll hits you with a +0 flail. The gnoll hits you but does no damage.
The gnoll hits you with a +0 flail.
There is a stone staircase leading up here.
Unknown command.
The gnoll hits you with a +0 flail.
The gnoll hits you from afar with a +0 spear.
* * * LOW HITPOINT WARNING * * *
You climb upwards.
Level annotation: Terence
There is a stone staircase leading down here.
You barely miss the gnoll. The gnoll closely misses you.
You barely miss the gnoll. The gnoll hits you with a +0 flail!
You die...

#...........####..........#
#...........#.............#
#...........#.............#
#...........#.............#
#...........#........÷÷.###
######.###.....#...........#
..........##.###...........#
..........##.###...........#
................@..........#
......(..........g.........#
...........................#
...........................#
..####.##############......#
..# #.# #......# ..# #[#
#......# ..####.####
######## ..........#
########


You could see a gnoll.

Vanquished Creatures
  2 adders (D:2)
  A worm (D:2)
  5 goblins
  5 hobgoblins
  3 jackals (D:2)
  3 quokkas (D:2)
  3 bats
  3 frilled lizards
  2 kobolds
  8 rats
35 creatures vanquished.

Notes
Turn   | Place    | Note
-------+----------+-------------------------------------------
     0 | D:1      | Jawreze the Gargoyle Fighter began the quest for the Orb.
     0 | D:1      | Reached XP level 1. HP: 14/14 MP: 1/1
   499 | D:1      | Reached XP level 2. HP: 19/19 MP: 2/2
  1084 | D:2      | Reached XP level 3. HP: 23/23 MP: 3/3
  1189 | D:2      | Found a sparkling altar of Nemelex Xobeh.
  1265 | D:2      | Found a sacrificial altar of Ru.
  1355 | D:2      | Noticed Terence
  1756 | D:3      | Reached skill level 4 in Shields
  1831 | D:2      | Slain by a gnoll

Vault maps used:
D:1:      roderic_octagonal_star, minmay_misc_feat_secret_circle
D:2:      nicolae_ru_the_path_less_chosen, nemelex_xobeh_ov_fountains_minmay,
          first_ration, uniq_terence
D:3:      overflow_temple_1_default

Skill      XL: |  1  2  3 |
---------------+----------+-----
Maces & Flails | 3 |  3.5
Shields        | 4 |  4.0
Fighting       | |  3.2
Armour         | |  3.2

Action                   || total
-------------------------++-------
Melee: Flail             ||   147
  Eat: Chunk             ||     3
Armor: Scale mail        ||    87
Dodge: Dodged            ||    71
Block: Shield            ||    11
       Buckler           ||    20

Table legend:
 A = Non-vault XP
 B = Vault XP
 C = Vault XP percentage of total XP
 D = Non-vault monster count
 E = Vault monster count
 F = Vault count percentage of total count
                 A         B        C        D         E       F
            +---------+---------+-------+---------+---------+-------
      Total |      80 |       0 |   0.0 |      35 |       0 |   0.0
            +---------+---------+-------+---------+---------+-------
        D:1 |      12 |       0 |   0.0 |       9 |       0 |   0.0
        D:2 |      60 |       0 |   0.0 |      21 |       0 |   0.0
        D:3 |       8 |       0 |   0.0 |       5 |       0 |   0.0
            +---------+---------+-------+---------+---------+-------
